 Dungeon Crawl Stone Soup version 0.31-a0-845-g9abc20d24f (webtiles) character file.

Game seed: 11573697482721712677

26269 gelatine the Cleaver (level 12, 0/94 HPs)
             Began as a Demonspawn Gladiator on Oct 2, 2023.
             Slain by a sun demon (6 damage)
             ... summoned by a kobold demonologist
             ... on level 10 of the Dungeon.
             The game lasted 00:45:03 (13215 turns).

gelatine the Cleaver (Demonspawn Gladiator)        Turns: 13215, Time: 00:45:03

Health: 0/94       AC: 35    Str: 18    XL:     12   Next: 96%
Magic:  17/17      EV: 12    Int:  8    God:
Gold:   1267       SH: 15    Dex: 18    Spells: 14/18 levels left

rFire   . . .        p - +1 war axe (elec)
rCold   . . .        V - +2 tower shield
rNeg    . . .        t - +18 Lear's hauberk
rPois   +            (helmet currently unavailable)
rElec   .            x - +0 cloak
rCorr   .            (gloves currently unavailable)
SInv    .            (boots unavailable)
Will    +....        C - amulet of regeneration Stlth
                     g - +5 ring of evasion
HPRegen 1.15/turn    r - ring of poison resistance
MPRegen 0.15/turn

%: no passive effects
@: sanguine armoured
A: hooves 3, spiny 1, sanguine armour 1, demonic magic 1, agile 1, dopey 1,
strong-willed 1, sense surroundings 1
a: no special abilities


You were on level 10 of the Dungeon.
You visited 3 branches of the dungeon, and saw 17 of its levels.
You also visited: Sewer.

You collected 1427 gold pieces.
You spent 160 gold pieces at shops.

Inventory:

Hand Weapons
 a - a +0 war axe
 j - a +1 executioner's axe of electrocution
 p - a +1 war axe of electrocution (weapon)
 L - a +2 scimitar of flaming
Missiles
 b - 9 poisoned darts (quivered)
 d - 4 throwing nets
 e - a javelin
 J - 3 boomerangs
Armour
 c - a +0 helmet
 i - a +2 robe of fire resistance
 t - the +18 Lear's hauberk (worn)
   (You acquired it on level 3 of the Dungeon)
 x - a +0 cloak (worn)
 y - a +0 troll leather armour {Pargi}
 B - +0 acid dragon scales
 F - a +2 scale mail of willpower
 I - a +1 hat
 P - a +2 leather armour of fire resistance
 Q - a +0 buckler
 V - a +2 tower shield (worn)
Jewellery
 g - a +5 ring of evasion (left hand)
 m - an amulet of guardian spirit
 r - a ring of poison resistance (right hand)
 C - an amulet of regeneration (around neck)
Talismans
 k - a flux talisman
 l - a blade talisman
Wands
 z - a wand of charming (13)
 A - a wand of mindburst (5)
 Z - a wand of digging (4)
Scrolls
 o - 8 scrolls of teleportation
 s - 2 scrolls of fog
 u - 2 scrolls of fear
 v - 2 scrolls of amnesia
 w - 2 scrolls of torment
 D - a scroll of revelation
 G - 2 scrolls of blinking
 H - a scroll of enchant armour
 N - a scroll of poison
 O - 2 scrolls of enchant weapon
 S - a scroll of identify
 W - a scroll of immolation {unknown}
Potions
 f - 3 potions of lignification
 h - 5 potions of curing
 n - 2 potions of invisibility
 q - a potion of might
 E - a potion of brilliance
 K - 3 potions of heal wounds
 M - a potion of haste
 R - a potion of attraction
 T - a potion of resistance
 U - a potion of cancellation
 X - a potion of magic
 Y - a potion of enlightenment {unknown}


   Skills:
 * Level 8.9 Fighting
 * Level 14.2 Axes
 + Level 3.0 Throwing
 * Level 6.9 Armour
 * Level 6.7 Dodging
 + Level 1.0 Stealth
 * Level 1.6 Shields
 + Level 3.9 Spellcasting
 + Level 2.2 Hexes
 * Level 4.1 Translocations
 + Level 1.9 Ice Magic
 + Level 3.3 Evocations


You had 14 spell levels left.
You knew the following spells:

 Your Spells              Type           Power      Damage    Failure   Level
a - Ensorcelled Hibernat  Hex/Ice        8%         N/A       100%        2
b - Blink                 Tloc           16%        N/A       100%        2

Your spell library contained the following spells:

 Spells                   Type           Power      Damage    Failure   Level
 Cigotuvi's Dreadful Rot  Necr/Pois/Air  2%         N/A       100%        2
 Jinxbite                 Hex            10%        N/A       100%        2
 Lesser Beckoning         Tloc           16%        N/A       100%        2
 Momentum Strike          Conj/Tloc      8%         3d8       100%        2
 Passwall                 Tmut/Erth      0%         N/A       100%        2
 Gell's Gravitas          Tloc           8%         N/A       100%        3
 Hailstorm                Conj/Ice       3%         3d3       100%        3
 Ignite Poison            Fire/Tmut/Pois 1%         N/A       100%        3
 Inner Flame              Hex/Fire       3%         N/A       100%        3
 Summon Guardian Golem    Hex/Summ       3%         N/A       100%        3
 Swiftness                Air            1%         N/A       100%        3
 Teleport Other           Tloc           8%         N/A       100%        3
 Anguish                  Hex/Necr       1%         N/A       100%        4
 Animate Armour           Summ/Erth      2%         N/A       100%        4
 Animate Dead             Necr           1%         N/A       100%        4
 Flame Wave               Conj/Fire      1%         2d4       100%        4
 Sticky Flame             Conj/Fire      1%         2d3       100%        4
 Summon Ice Beast         Ice/Summ       3%         N/A       100%        4
 Summon Lightning Spire   Summ/Air       1%         N/A       100%        4
 Borgnjor's Vile Clutch   Necr/Erth      0%         N/A       100%        5
 Freezing Cloud           Conj/Ice/Air   1%         6-21      100%        5
 Lee's Rapid Deconstruct  Erth           0%         3d4*      100%        5
 Death Channel            Necr           0%         N/A       100%        6
 Dispersal                Tloc           4%         N/A       100%        6
 Simulacrum               Ice/Necr       1%         N/A       100%        6
 Orb of Destruction       Conj           0%         9d5       100%        7
 Spellforged Servitor     Conj/Summ      0%         N/A       100%        7
 Ignition                 Fire           0%         3d3       100%        8


Dungeon Overview and Level Annotations

Branches:
Dungeon (14/15)            Temple (1/1) D:7            Lair (2/5) D:11
 Spider (0/4) Lair:2          Orc (0/2) D:11          Sewer (visited)
  Swamp: Lair:2-3    Shoals: Lair:2-3    Vaults: D:13-14

Altars:
Ashenzari
Cheibriados
Dithmenos
Fedhas
Gozag
Hepliaklqana
Kikubaaqudgha
Makhleb
Nemelex Xobeh
Okawaru
Qazlal
Ru
Sif Muna
Trog
Uskayaw
Vehumet
Wu Jian
Xom
Yredelemnul

Shops:
D:11 [

Portals:
Trove: D:11 (give horn of Geryon)

Annotations:
D:10 1 transporter, nebug's ghost, novice MiGl
Lair:2 1 runed translucent door, epsilonplus's ghost, journeyman FoHu


Innate Abilities, Weirdness & Mutations

You have hooves in place of feet.
You are partially covered in sharp spines.
When seriously injured, your blood forms armour. (AC +6)
Spells you cast may paralyse adjacent enemies.
You are agile. (Dex +4, Str/Int -1)
You are dopey. (Int -2)
You are strong-willed. (Will+)
You passively map a small area around you.


Message History

Nebug's ghost says, "You can run, but you can't hide!"
You block nebug's ghost's attack. You block the kobold brigand's attack.
The kobold demonologist miscasts a cantrip.
You closely miss the kobold brigand. Your kick misses the kobold brigand.
The kobold brigand is severely wounded.
You closely miss the sun demon. You closely miss nebug's ghost.
The sun demon is struck by your spines. The sun demon hits you!
You are engulfed in flames!
The orc wizard gestures wildly while chanting.
The orc wizard flickers and vanishes!
Deactivating autopickup; reactivate with Ctrl-A.
You block the kobold brigand's attack.
The kobold demonologist gestures wildly while chanting.
Nebug's ghost hits you but does no damage.
The sun demon hits you but does no damage.
You slash the kobold brigand!
Lightning courses through the kobold brigand!
You kill the kobold brigand!
You miss nebug's ghost. You hit the sun demon.
Nebug's ghost hits you but does no damage.
You block the sun demon's attack.
Unknown command.
You hit the kobold demonologist but do no damage.
You closely miss nebug's ghost. You barely miss the sun demon.
The kobold demonologist looks satisfied for a moment.
Nebug's ghost hits you but does no damage.
The sun demon is struck by your spines. The sun demon hits you!
Your blood congeals into armour.
You are engulfed in flames!!
Unknown command.
You closely miss the kobold demonologist.
Your kick misses the kobold demonologist.
You hit nebug's ghost but do no damage. You barely miss the sun demon.
You miss something. The sun demon hits you!
* * * LOW HITPOINT WARNING * * *
You are engulfed in flames!!
* * * LOW HITPOINT WARNING * * *
You block the kobold demonologist's attack.
You block something's attack. You block nebug's ghost's attack.
The sun demon hits you.
You die...

##...###.##......##......
#......................).
####.......©................
#......#########............
#.##..##8./!?$8##...........
#>....#©........#.....#####.
#.##..#.#.....#.#...##....#.
#.##..#..#...#..#...##....#.
#.##..#....@3...#...##....#.
#.##..#..#.WK#..#...##....#.
#.##..#.#..4..#.#.)..'....'.
#.##..#.......(.#[...#....#.
##'##..##8....(8##)...#....#.
#.......#########......#####.
#[..........©........#.# #.
#..................#.#.# #.
#...............####.#.#####.


You could see a sun demon (summoned), a kobold demonologist, a chaos spawn
(summoned) and nebug's ghost.

Vanquished Creatures
  Josephine (D:10)
  2 boulder beetles
  Erica (D:10)
  3 death yaks (D:11)
  Pikel (D:4)
  6 ugly things
  A manticore (D:11)
  A cyclops (D:13)
  9 slime creatures
  A black mamba (Lair:2)
  5 cane toads
  2 gargoyles
  A torpor snail (Lair:2)
  3 komodo dragons
  3 trolls
  3 meliai (D:13)
  2 polar bears (Lair:2)
  A hornet (D:8)
  Grinder (D:6)
  A water elemental (D:14)
  7 wyverns
  20 yaks
  5 wraiths
  2 basilisks
  Edmund (D:4)
  An acid dragon (D:12)
  4 water moccasins
  Duvessa (D:7)
  Pargi (D:4)
  A black bear (D:5)
  An ice beast (D:6)
  A sky beast (D:7)
  10 orc warriors
  4 ogres
  5 centaurs
  3 kobold brigands
  A phantom (D:4)
  2 gnoll sergeants
  5 scorpions
  2 bullfrogs
  10 wights
  Dowan (D:7)
  9 killer bees
  8 howler monkeys
  4 hounds
  Crazy Yiuf (D:3)
  2 gnoll boudas
  8 orc priests
  Ijyb (D:4)
  3 sleepcaps
  Jessica (D:3)
  A hell rat (D:11)
  4 iguanas
  10 orc wizards
  Robin (D:3)
  30 gnolls
  13 adders
  3 river rats
  2 white imps
  4 ufetubi
  3 worms (D:3)
  A dart slug (D:2)
  38 orcs
  5 endoplasms
  5 giant cockroaches
  18 goblins
  9 hobgoblins
  5 jackals
  16 kobolds
  6 quokkas
  5 ball pythons
  5 bats
  7 frilled lizards
  7 rats
371 creatures vanquished.

Vanquished Creatures (others)
  2 spriggans (D:14)
  A human (D:5)
  An endoplasm (D:4)
4 creatures vanquished.

Grand Total: 375 creatures vanquished

Notes
Turn   | Place    | Note
-------+----------+-------------------------------------------
     0 | D:1      | gelatine the Demonspawn Gladiator began the quest for the
                  | Orb.
     0 | D:1      | Reached XP level 1. HP: 16/16 MP: 1/1
   156 | D:1      | Gained mutation: When seriously injured, your blood forms
                  | armour. (AC +6) [demonic ancestry]
   156 | D:1      | Reached XP level 2. HP: 22/22 MP: 2/2
   167 | D:1      | Reached skill level 3 in Axes
   396 | D:1      | Gained mutation: You have large cloven feet. [demonic
                  | ancestry]
   396 | D:1      | Reached XP level 3. HP: 27/27 MP: 3/3
  1725 | D:3      | Identified 2 scrolls of acquirement
  1725 | D:3      | Acquired the +18 Lear's hauberk
  1725 | D:3      | Found the +18 Lear's hauberk
  1748 | D:3      | Acquired a +1 executioner's axe of electrocution
  1827 | D:3      | Reached XP level 4. HP: 34/34 MP: 4/4
  1885 | D:3      | Noticed Robin
  1896 | D:3      | Killed Robin
  1976 | D:3      | Reached skill level 1 in Armour
  1978 | D:3      | Reached XP level 5. HP: 40/40 MP: 5/5
  2118 | D:3      | Found a glowing drain.
  2125 | D:3      | Reached skill level 4 in Axes
  2130 | Sewer    | Entered a sewer
  2178 | Sewer    | Noticed a water moccasin
  2182 | Sewer    | Killed a water moccasin
  2183 | Sewer    | Gained mutation: Spells you cast may paralyse adjacent
                  | enemies. [demonic ancestry]
  2183 | Sewer    | Reached XP level 6. HP: 47/47 MP: 6/6
  2342 | D:3      | Found a hide-covered altar of Uskayaw.
  2345 | D:3      | Noticed a +0 dagger
  2346 | D:3      | Noticed a +0 dagger
  2347 | D:3      | Noticed a +0 spear
  2349 | D:3      | Noticed a +0 falchion
  2349 | D:3      | Noticed a +0 falchion
  2351 | D:3      | Noticed a +0 spear
  2384 | D:3      | Noticed a +0 short sword
  2394 | D:3      | Noticed a +0 short sword
  2396 | D:3      | Noticed Jessica
  2409 | D:3      | Killed Jessica
  2700 | D:3      | Found a runed translucent door.
  2701 | D:3      | Noticed Crazy Yiuf
  2706 | D:3      | Killed Crazy Yiuf
  2983 | D:4      | Found a radiant altar of Vehumet.
  3004 | D:4      | Noticed Pargi
  3006 | D:4      | Noticed Edmund
  3026 | D:4      | Killed Edmund
  3027 | D:4      | Reached skill level 5 in Axes
  3031 | D:4      | Killed Pargi
  3032 | D:4      | Gained mutation: You are partially covered in sharp spines.
                  | [demonic ancestry]
  3032 | D:4      | Reached XP level 7. HP: 32/52 MP: 7/7
  3136 | D:4      | Reached skill level 6 in Axes
  3169 | D:4      | Learned a level 2 spell: Ensorcelled Hibernation
  3321 | D:4      | Noticed Ijyb
  3327 | D:4      | Killed Ijyb
  3328 | D:4      | Reached skill level 1 in Evocations
  3372 | D:4      | Reached skill level 1 in Ice Magic
  3574 | D:4      | Reached skill level 1 in Hexes
  3574 | D:4      | Reached XP level 8. HP: 60/60 MP: 8/8
  3660 | D:4      | Noticed Pikel
  3678 | D:4      | Killed Pikel
  3679 | D:4      | Reached skill level 7 in Axes
  3679 | D:4      | Reached skill level 1 in Stealth
  3679 | D:4      | Reached skill level 1 in Spellcasting
  3787 | D:5      | Entered Level 5 of the Dungeon
  4136 | D:5      | Gained mutation: You have hoof-like feet. [demonic
                  | ancestry]
  4136 | D:5      | Reached XP level 9. HP: 51/65 MP: 11/11
  4236 | D:5      | Found a bloodstained altar of Trog.
  4316 | D:5      | Found an ancient bone altar of Kikubaaqudgha.
  4456 | D:6      | Noticed Grinder
  4460 | D:6      | Reached skill level 8 in Axes
  4464 | D:6      | Killed Grinder
  4849 | D:6      | Found an opulent altar of Gozag.
  4922 | D:6      | Found an ornate altar of the Wu Jian Council.
  5014 | D:6      | Reached skill level 9 in Axes
  5274 | D:7      | Found a staircase to the Ecumenical Temple.
  5328 | Temple   | Entered the Ecumenical Temple
  5429 | D:7      | Noticed Dowan
  5430 | D:7      | Noticed Duvessa
  5437 | D:7      | Killed Dowan
  5439 | D:7      | Killed Duvessa
  5440 | D:7      | Reached skill level 5 in Fighting
  5661 | D:7      | Reached skill level 5 in Dodging
  5661 | D:7      | Gained mutation: You have hooves in place of feet. [demonic
                  | ancestry]
  5661 | D:7      | Reached XP level 10. HP: 69/74 MP: 14/14
  5676 | D:7      | Found a sacrificial altar of Ru.
  5676 | D:7      | Found a shadowy altar of Dithmenos.
  5818 | D:7      | Reached skill level 10 in Axes
  5855 | D:7      | Found an iron altar of Okawaru.
  6211 | D:7      | Gained mutation: Your flesh is heat resistant. (rF+)
                  | [potion of mutation]
  6211 | D:7      | Gained mutation: You expend magic power (3 MP) to
                  | strengthen your wands. [potion of mutation]
  6211 | D:7      | Gained mutation: You have hidden genetic defects. [potion
                  | of mutation]
  6876 | D:8      | Gained mutation: You sometimes lose your temper in combat.
                  | [hidden defects]
  7551 | D:9      | Reached skill level 5 in Armour
  7582 | D:9      | Reached skill level 11 in Axes
  7608 | D:9      | Gained mutation: Your magical capacity is low. (-10% MP)
                  | [hidden defects]
  7608 | D:9      | Lost mutation: You have hidden genetic defects. [hidden
                  | defects expressed]
  7777 | D:9      | Reached XP level 11. HP: 83/83 MP: 15/15
  7991 | D:9      | Learned a level 2 spell: Blink
  8296 | D:10     | Entered Level 10 of the Dungeon
  8352 | D:10     | Noticed Josephine
  8370 | D:10     | Killed Josephine
  8487 | D:10     | Noticed nebug's ghost (novice MiGl)
  8490 | D:10     | Found a transporter.
  8540 | D:10     | Found a transporter.
  8563 | D:10     | Found a stormy altar of Qazlal.
  8782 | D:10     | Noticed Erica
  8787 | D:10     | Killed Erica
  8788 | D:10     | Reached skill level 1 in Translocations
  9185 | D:11     | Noticed a death yak
  9194 | D:11     | Noticed a death yak
  9195 | D:11     | Killed a death yak
  9195 | D:11     | Noticed a death yak
  9196 | D:11     | Reached skill level 12 in Axes
  9205 | D:11     | Killed a death yak
  9209 | D:11     | Killed a death yak
  9301 | D:11     | Found a staircase to the Lair.
  9315 | D:11     | Found a staircase to the Orcish Mines.
  9421 | D:11     | Found Zytzoohe's Antique Armour Boutique.
  9429 | D:11     | Bought a dyed leather armour for 160 gold pieces
  9464 | D:11     | Found a portal to a secret trove of treasure.
  9649 | D:11     | Lost mutation: Your flesh is heat resistant. (rF+) [potion
                  | of mutation]
  9649 | D:11     | Lost mutation: Your magical capacity is low. (-10% MP)
                  | [potion of mutation]
  9649 | D:11     | Gained mutation: You passively map a small area around you.
                  | [potion of mutation]
  9649 | D:11     | Gained mutation: You passively map the area around you.
                  | [potion of mutation]
  9649 | D:11     | Gained mutation: You are dopey. (Int -2) [potion of
                  | mutation]
  9650 | D:11     | Lost mutation: You passively map the area around you.
                  | [potion of mutation]
  9650 | D:11     | Lost mutation: You expend magic power (3 MP) to strengthen
                  | your wands. [potion of mutation]
  9650 | D:11     | Gained mutation: You are agile. (Dex +4, Str/Int -1)
                  | [potion of mutation]
  9650 | D:11     | Lost mutation: You sometimes lose your temper in combat.
                  | [potion of mutation]
  9650 | D:11     | Gained mutation: You are strong-willed. (Will+) [potion of
                  | mutation]
  9760 | D:12     | Noticed a boulder beetle
  9783 | D:12     | Killed a boulder beetle
 10367 | D:13     | Noticed a boulder beetle
 10393 | D:13     | Killed a boulder beetle
 10394 | D:13     | Reached XP level 12. HP: 53/92 MP: 17/17
 10573 | D:13     | Reached skill level 13 in Axes
 11459 | D:14     | Noticed a tengu warrior
 11459 | D:14     | Noticed a tengu warrior
 11591 | Lair:1   | Entered Level 1 of the Lair of Beasts
 12187 | Lair:1   | Reached skill level 1 in Shields
 12392 | Lair:2   | Noticed epsilonplus's ghost (journeyman FoHu)
 12392 | Lair:2   | Found a runed translucent door.
 12401 | Lair:2   | Reached skill level 14 in Axes
 12430 | Lair:2   | Found a hole to the Spider Nest.
 13215 | D:10     | Slain by a sun demon

Illustrated notes

Levels and vault maps discovered:
D:1:      co_arrival_square_in_a_square_in_a_square, layout_basic,
          minmay_bisected
D:2:      layout_basic
D:3:      layout_loops_cross, nicolae_uskayaw_en_pointe,
          gup_sewer_entry_bubbles, grunt_decor_fettered, minmay_crystal_water,
          uniq_crazy_yiuf_cottage, uniq_robin, uniq_jessica
D:4:      layout_basic, fiery_altar_vehumet, chequers_serial_rivers_room_b,
          serial_bayou_lake_a, uniq_pikel, uniq_edmund, uniq_ijyb, uniq_pargi
D:5:      layout_rooms, tgw_kikubaaqudgha, bloody_trog, zin_statuary
D:6:      layout_loops_ring, kennysheep_mini_moat,
          nicolae_wu_jian_immortal_techniques, uniq_grinder
D:7:      layout_loops_ring, okawaru_gym_becter, nicolae_overflow_two_pavilions,
          minmay_temple_entry_arrows, uniq_duvessa
D:8:      minmay_goldmine, layout_basic, kennysheep_generic_room_3
D:9:      layout_basic
D:10:     layout_basic, elyvilon_altar_4, nicolae_qazlal_general_emergency,
          gammafunk_ghost_arena, uniq_josephine, uniq_erica
D:11:     layout_long_grid, dpeg_lair_monsters, enter_trove_2, serial_shops,
          shop
D:12:     layout_loops_cross, minmay_misc_feat_chi
D:13:     layout_loops_cross
D:14:     dreamdust_experimentation, layout_basic, hellmonk_vaults_keyhole,
          serial_bayou_lagoon_a, serial_shops, nicolae_shop_crystal
Temple:   hellmonk_temple_micro_hex
Lair:1:   layout_hall_layers, grunt_megastairs_5, lemuel_fruit_fields
Lair:2:   hellmonk_ruined_rings, layout_hall_layers, dummy_spider_entry,
          hellmonk_ghost_happy_afterlife

Skill      XL: |  1  2  3  4  5  6  7  8  9 10 11 12 |
---------------+-------------------------------------+-----
Throwing       | 2 3 |  3.0
Axes           | 3 4 5 6 7 9 11 12 14 | 14.2
Dodging        | 3 4 5 6 |  6.7
Armour         | 1 2 3 4 5 6 |  6.9
Fighting       | 3 4 5 6 7 8 |  8.9
Evocations     | 1 2 3 |  3.3
Ice Magic      | 1 |  1.9
Hexes          | 1 2 |  2.2
Stealth        | 1 |  1.0
Spellcasting   | 1 3 |  3.9
Translocations | 2 4 |  4.1
Shields        | 1 |  1.6

Action                     |  1- 3 |  4- 6 |  7- 9 | 10-12 || total
---------------------------+-------+-------+-------+-------++-------
  Melee: War axe           |    96 |       |       |    99 ||   195
         Punch             |     4 |       |       |       ||     4
         Executioner's axe |       |   111 |   181 |   313 ||   605
         Kick              |       |    26 |    42 |   131 ||   199
  Throw: Throwing net      |     2 |     5 |     3 |     1 ||    11
         Javelin           |     1 |     1 |       |       ||     2
         Boomerang         |       |       |       |    27 ||    27
         Dart              |       |       |       |     6 ||     6
  Evoke: Wand              |       |       |       |    38 ||    38
    Use: Scroll            |     6 |       |     6 |    12 ||    24
         Potion            |       |       |       |     8 ||     8
   Stab: Sleeping          |     2 |       |       |       ||     2
         Held in net/web   |       |       |     1 |       ||     1
 Armour: Leather armour    |    37 |       |       |       ||    37
         Chain mail        |       |   149 |   203 |   340 ||   692
  Dodge: Dodged            |    83 |   160 |   174 |   326 ||   743
  Block: Tower shield      |       |       |       |    60 ||    60
         Buckler           |       |       |       |     4 ||     4

Table legend: (Time is in decaauts)
 A = Elapsed time spent in this place.
 B = Non-inter-level travel time spent in this place.
 C = Inter-level travel time spent in this place.
 D = Time resting spent in this place.
 E = Time spent auto-exploring this place.
 F = Levels seen in this place.
 G = Mean time per level.
                   A        B        C        D        E       F      G
               +--------+--------+--------+--------+--------+-----+--------+
         Total |  13639 |  12892 |    747 |      0 |  10000 |  18 |  757.7 |
       Dungeon |  11943 |  11261 |    682 |      0 |   8707 |  14 |  853.1 |
        Temple |      1 |      1 |      0 |      0 |      0 |   1 |    1.0 |
          Lair |   1571 |   1507 |     64 |      0 |   1233 |   2 |  785.5 |
         Sewer |    122 |    122 |      0 |      0 |     60 |   1 |  122.0 |
               +--------+--------+--------+--------+--------+-----+--------+

Top non-repeatable levels by time:
     D:3: 1247 daAuts
     D:8: 1181 daAuts
     D:7: 996 daAuts
    D:13: 974 daAuts
     D:2: 960 daAuts
     D:9: 943 daAuts
     D:6: 929 daAuts
     D:4: 867 daAuts
  Lair:1: 833 daAuts
    D:10: 809 daAuts
     D:1: 794 daAuts
  Lair:2: 738 daAuts
    D:11: 700 daAuts
    D:12: 657 daAuts
     D:5: 591 daAuts
